 Dungeon Crawl Stone Soup version 0.30-a0-632-g346586fe48 (webtiles) character file.

Game seed: 16312170192460140803

10290 bande the Cleaver (level 11, -2/102 HPs)
             Began as a Gargoyle Fighter on Jan 14, 2023.
             Was a Follower of Okawaru.
             Killed from afar by an acid blob (glowing shapeshifter) (19 damage)
             ... with a splash of acid
             ... in a Gauntlet.
             The game lasted 00:18:38 (11501 turns).

bande the Cleaver (Gargoyle Fighter)               Turns: 11501, Time: 00:18:38

Health: -2/102     AC: 11    Str: 20    XL:     11   Next: 59%
Magic:  12/12      EV: 15    Int:  9    God:    Okawaru [*.....]
Gold:   537        SH: 10    Dex: 13    Spells: 10/10 levels left

rFire   . . .      SeeInvis +    q - +3 war axe (flame)
rCold   . . .      Faith    .    y - +0 kite shield
rNeg    + . .      Spirit   .    C - +0 plate armour
rPois   ∞          Reflect  .    F - +1 hat {SInv}
rElec   +          Harm     .    u - +1 cloak
rCorr   .          Rampage  .    z - +0 pair of gloves
Will    .....      NoTele   +    v - +0 pair of boots Stlth
                                 (no amulet)
HPRegen 0.37/turn                l - +5 ring of evasion
MPRegen 0.13/turn                n - +5 ring of evasion

@: mighty, berserking (expiring), corroded, slowed
A: sickness immunity, AC +8, negative energy resistance 1, electricity
resistance, torment resistance 1, petrification resistance
a: Renounce Religion, Heroism


You were in a Gauntlet.
You worshipped Okawaru.
Okawaru was aware of your devotion.
You visited 2 branches of the dungeon, and saw 12 of its levels.
You also visited: Sewer, Ossuary and Gauntlet.

You collected 537 gold pieces.

Inventory:

Hand Weapons
 q - a +3 war axe of flaming (weapon)
 G - a +3 war axe
Missiles
 r - 2 throwing nets (quivered)
Armour
 s - a +1 ring mail of cold resistance
 u - a +1 cloak (worn)
 v - a +0 pair of boots (worn)
 y - a +0 kite shield (worn)
 z - a +0 pair of gloves (worn)
 C - a +0 plate armour (worn)
 D - the +2 helmet "Qekenats" {Harm rC- Will+++ Str-4}
   (You found it in a Gauntlet)

   Str:       It affects your strength (-4).
   rC:        It makes you vulnerable to cold.
   Harm:      It increases damage dealt and taken.
   Will:      It greatly increases your willpower.
 F - a +1 hat of see invisible (worn)
Jewellery
 l - a +5 ring of evasion (left hand)
 m - a +6 ring of dexterity
 n - a +5 ring of evasion (right hand)
 w - a ring of resist corrosion
 x - a ring of protection from fire
 I - a ring of wizardry
Wands
 k - a wand of iceblast (9)
 p - a wand of digging (13)
 H - a wand of flame (6)
Scrolls
 a - a scroll of amnesia
 b - 5 scrolls of teleportation
 c - 4 scrolls of identify
 h - a scroll of brand weapon
 B - a scroll of fear
 E - a scroll of magic mapping
Potions
 d - a potion of might
 e - a potion of heal wounds
 f - 5 potions of curing
 g - a potion of resistance
 i - 7 potions of brilliance
 j - 6 potions of berserk rage
 o - 2 potions of ambrosia {unknown}
 t - a potion of flight
 A - a potion of haste {unknown}


   Skills:
 + Level 8.3 Fighting
 + Level 11.5 Axes
 + Level 7.5 Armour
 + Level 7.5 Shields
 * Level 1.6 Invocations
 * Level 5.9 Evocations


You had 10 spell levels left.
You didn't know any spells.
Your spell library contained the following spells:

 Spells                   Type           Power      Damage    Failure   Level
 Beastly Appendage        Tmut           0%         N/A       100%        1
 Sting                    Tmut/Pois      0%         1d3       100%        1
 Poisonous Vapours        Pois/Air       0%         N/A       100%        2
 Wereblood                Tmut           0%         N/A       100%        2
 Gell's Gravitas          Tloc           0%         N/A       100%        3
 Lesser Beckoning         Tloc           0%         N/A       100%        3
 Mephitic Cloud           Conj/Pois/Air  0%         N/A       100%        3
 Portal Projectile        Hex/Tloc       0%         N/A       100%        3
 Spider Form              Tmut/Pois      0%         N/A       100%        3
 Teleport Other           Tloc           0%         N/A       100%        3
 Olgreb's Toxic Radiance  Pois           0%         N/A       100%        4
 Blade Hands              Tmut           0%         N/A       100%        5
 Cigotuvi's Dreadful Rot  Necr/Pois/Air  Unusable   N/A       N/A         2
 Tukima's Dance           Hex            Unusable   N/A       N/A         3

Dungeon Overview and Level Annotations

Branches:
Dungeon (11/15)            Temple (1/1) D:7            Lair (0/5) D:11
    Orc (0/2) D:10          Sewer (visited)         Ossuary (visited)
Gauntlet (1/1)

Altars:
Ashenzari
Cheibriados
Dithmenos
Elyvilon
Fedhas
Gozag
Hepliaklqana
Kikubaaqudgha
Makhleb
Nemelex Xobeh
Okawaru
Qazlal
Ru
Sif Muna
Trog
Uskayaw
Vehumet
Wu Jian
Xom
Yredelemnul
Zin
The Shining One
Lugonu

Shops:
D:10 (

Annotations:
D:11 Sonja Gauntlet 6 transporters, 2 runed translucent doors


Innate Abilities, Weirdness & Mutations

You are immune to sickness and miasma.
Your stone body is resilient. (AC +8)
You are immune to poison.
You resist negative energy. (rN+)
You are resistant to electric shocks. (rElec)
You are resistant to unholy torment.
You are immune to petrification.


Message History

The fire giant barely misses you.
Unknown command.
You slash the fire giant!
The fire giant is moderately wounded.
You slash the acid blob! You burn the acid blob. The acid corrodes you!
Your hands burn!
The acid blob misses you. The fire giant hits you!
Unknown command.
You slice the fire giant!!
The fire giant is heavily wounded.
You slash the acid blob! You burn the acid blob. The acid corrodes you!
Your hands burn!
The acid blob misses you.
You completely miss the fire giant.
The fire giant is heavily wounded.
You barely miss the acid blob. The fire giant hits you.
You block the acid blob's attack.
Unknown command.
You hit the fire giant but do no damage.
The fire giant is heavily wounded.
You hit the acid blob. You burn the acid blob.
Your hands burn!
You block the fire giant's attack.
Unknown command.
You slash the fire giant! You burn the fire giant.
The fire giant is heavily wounded.
You slash the acid blob! You burn the acid blob. The acid corrodes you!
Your hands burn!
The acid blob spits acid at you. The splash of acid hits you!!
The acid corrodes you!
Being near the torpor snail leaves you feeling lethargic.
Unknown command.
You barely miss the fire giant.
The fire giant is heavily wounded.
You hit the acid blob but do no damage.
Your hands burn!
The acid blob hits you.
* * * LOW HITPOINT WARNING * * *
You are splashed with acid!
* * * LOW HITPOINT WARNING * * *
The fire giant barely misses you. The acid blob spits acid at you.
The splash of acid hits you!!
You die...

.. ###########.©.
##≈#≈#≈#≈#≈####
##..............
#≈..............∩
##..###########..
#≈..#~~J.©[...#..
##..#~mC@.....#.
#≈..#w#######.#..
##..#~#.#.#.#.#..
#≈..#.~~.©....#..
##..##.#.#.#.##..#.#####
#§..#.#######.#..#......
##..#.........#..#######
#§§.#.........#.....#©#.
##§.###########.....#©#.


You could see an acid blob shaped shifter, a fire giant shaped shifter, a torpor
snail and a water nymph.

Vanquished Creatures
  Gastronok (D:9)
  A two-headed ogre (D:8)
  A catoblepas (Gauntlet)
  2 gargoyles (Gauntlet)
  Maggie (D:7)
  A troll (D:10)
  An ice devil (Gauntlet)
  2 hornets
  Grinder (D:3)
  A wyvern (D:8)
  13 yaks
  Grum (D:8)
  2 steam dragons
  Edmund (D:4)
  An acid dragon (D:10)
  Pargi (Sewer)
  3 orc warriors
  A black bear (D:7)
  An ice beast (D:7)
  A sky beast (D:6)
  4 wolves (D:8)
  A centaur (D:9)
  2 phantoms
  2 kobold brigands
  5 elf zombies (Ossuary)
  A bullfrog (D:7)
  2 gnoll sergeants
  2 scorpions
  4 wights
  3 howler monkeys
  3 jellies (D:6)
  A centaur zombie (Ossuary)
  6 orc priests
  4 hounds
  A gnoll bouda (D:5)
  6 human zombies (Ossuary)
  Crazy Yiuf (D:3)
  Ijyb (D:5)
  Terence (D:3)
  3 iguanas (D:5)
  9 orc wizards
  3 mummies (Ossuary)
  9 gnolls
  A shadow imp (D:6)
  8 white imps
  2 ufetubi
  A worm (D:2)
  2 dart slugs
  24 orcs
  10 ball pythons
  8 endoplasms
  11 giant cockroaches
  5 goblins
  4 hobgoblins
  3 jackals
  13 quokkas
  A bat (D:2)
  A frilled lizard (D:1)
  18 kobolds
  2 rats
225 creatures vanquished.

Vanquished Creatures (others)
  A jackal (D:4)
  A demonic plant (Gauntlet)
2 creatures vanquished.

Grand Total: 227 creatures vanquished

Notes
Turn   | Place    | Note
-------+----------+-------------------------------------------
     0 | D:1      | bande the Gargoyle Fighter began the quest for the Orb.
     0 | D:1      | Reached XP level 1. HP: 14/14 MP: 1/1
   117 | D:1      | Reached XP level 2. HP: 19/19 MP: 2/2
   219 | D:1      | Reached skill level 2 in Axes
   301 | D:1      | Reached XP level 3. HP: 23/23 MP: 3/3
  1456 | D:3      | Found a runed translucent door.
  1457 | D:3      | Noticed Crazy Yiuf
  1502 | D:3      | Noticed Terence
  1517 | D:3      | Killed Terence
  1518 | D:3      | Reached skill level 3 in Axes
  1518 | D:3      | Reached XP level 4. HP: 23/28 MP: 4/4
  1840 | D:3      | Reached XP level 5. HP: 33/33 MP: 5/5
  1949 | D:3      | Found a shadowy altar of Dithmenos.
  1949 | D:3      | You fall into a shaft and drop 3 floors!
  2025 | D:6      | Found an ornate altar of the Wu Jian Council.
  2032 | D:6      | Noticed a sky beast
  2052 | D:6      | Killed a sky beast
  2053 | D:6      | Reached skill level 4 in Axes
  2053 | D:6      | Reached XP level 6. HP: 16/38 MP: 6/6
  2085 | D:6      | Found a glowing drain.
  2115 | Sewer    | Entered a sewer
  2224 | Sewer    | Noticed Pargi
  2239 | Sewer    | Killed Pargi
  2431 | D:6      | Reached skill level 5 in Axes
  2453 | D:6      | Reached XP level 7. HP: 26/43 MP: 7/7
  2708 | D:6      | Found a shimmering altar of Xom.
  2732 | D:6      | Reached skill level 6 in Axes
  2987 | D:5      | Entered Level 5 of the Dungeon
  3059 | D:3      | Noticed Grinder
  3071 | D:3      | Paralysed by Grinder for 4 turns
  3076 | D:3      | Killed Grinder
  3077 | D:3      | Reached XP level 8. HP: 17/48 MP: 8/8
  3478 | D:3      | Found a sparkling altar of Nemelex Xobeh.
  3840 | D:3      | Killed Crazy Yiuf
  3841 | D:3      | Reached skill level 5 in Fighting
  4066 | D:4      | Noticed Edmund
  4080 | D:4      | Killed Edmund
  4081 | D:4      | Reached skill level 7 in Axes
  4081 | D:4      | Reached skill level 5 in Armour
  4122 | D:4      | Found a broken altar of Ashenzari.
  4356 | D:4      | Found a blossoming altar of Fedhas.
  4748 | D:5      | Noticed Ijyb
  4755 | D:5      | Killed Ijyb
  4807 | D:5      | Found a hide-covered altar of Uskayaw.
  4931 | D:5      | Found a large runed translucent door.
  4932 | D:5      | Found a large runed translucent door.
  5409 | D:5      | Found a glowing silver altar of Zin.
  5445 | D:5      | Found a snail-covered altar of Cheibriados.
  6092 | D:7      | Reached skill level 5 in Shields
  6138 | D:7      | Reached skill level 1 in Evocations
  6165 | D:7      | Found a sand-covered staircase.
  6171 | Ossuary  | Entered an ossuary
  6195 | Ossuary  | Reached skill level 8 in Axes
  6195 | Ossuary  | Reached XP level 9. HP: 55/55 MP: 9/9
  6547 | D:7      | Noticed Maggie
  6563 | D:7      | Killed Maggie
  6564 | D:7      | Reached skill level 9 in Axes
  6809 | D:7      | Noticed a hornet
  6826 | D:7      | Killed a hornet
  7067 | D:7      | Found a staircase to the Ecumenical Temple.
  7076 | Temple   | Entered the Ecumenical Temple
  7279 | D:7      | Found a radiant altar of Vehumet.
  7531 | D:8      | Noticed Grum
  7532 | D:8      | Reached XP level 10. HP: 61/61 MP: 10/10
  7546 | D:8      | Killed Grum
  7738 | D:8      | Noticed a two-headed ogre
  7747 | D:8      | Killed a two-headed ogre
  7748 | D:8      | Reached skill level 10 in Axes
  8375 | D:9      | Noticed Gastronok
  8394 | D:9      | Killed Gastronok
  8488 | D:9      | Reached skill level 5 in Evocations
  8498 | D:9      | Reached XP level 11. HP: 28/68 MP: 11/11
  8711 | D:9      | Found a sacrificial altar of Ru.
  8796 | D:9      | Found a basalt altar of Yredelemnul.
  8858 | D:9      | Reached skill level 11 in Axes
  9093 | D:9      | HP: 2/68 [orc warrior/+0 halberd (9)]
  9546 | D:9      | Found a glowing golden altar of the Shining One.
  9718 | D:10     | Entered Level 10 of the Dungeon
  9786 | D:10     | Found a staircase to the Orcish Mines.
  9980 | D:10     | Found Viras's Antique Weapon Boutique.
 10779 | D:10     | Found an iron altar of Okawaru.
 10782 | D:10     | Became a worshipper of Warmaster Okawaru
 10906 | D:11     | Found a gate leading to a gauntlet.
 10907 | D:11     | Noticed Sonja
 10911 | Gauntlet | Entered a Gauntlet
 10911 | Gauntlet | Found a transporter.
 10911 | Gauntlet | Found a runed translucent door.
 10911 | Gauntlet | Found a runed translucent door.
 10911 | Gauntlet | Found a transporter.
 10911 | Gauntlet | Found a transporter.
 10912 | Gauntlet | Noticed a catoblepas
 10934 | Gauntlet | Noticed a catoblepas
 10939 | Gauntlet | Found a transporter.
 10951 | Gauntlet | Found a transporter.
 10954 | Gauntlet | Found a transporter.
 10983 | Gauntlet | Found a transporter.
 10986 | Gauntlet | Found a transporter.
 10987 | Gauntlet | Found a transporter.
 10987 | Gauntlet | Noticed a catoblepas
 10988 | Gauntlet | Found a transporter.
 11041 | Gauntlet | Killed a catoblepas
 11041 | Gauntlet | Reached * piety under Okawaru
 11042 | Gauntlet | Reached skill level 1 in Invocations
 11452 | Gauntlet | Noticed a dire elephant
 11453 | Gauntlet | Noticed a deep troll
 11453 | Gauntlet | a dire elephant changed into a stone giant
 11453 | Gauntlet | Noticed a stone giant (glowing shapeshifter)
 11454 | Gauntlet | Noticed a frost giant
 11458 | Gauntlet | a stone giant changed into an iron troll
 11458 | Gauntlet | Noticed an iron troll (glowing shapeshifter)
 11459 | Gauntlet | an iron troll changed into an alligator snapping turtle
 11459 | Gauntlet | Noticed an alligator snapping turtle (glowing shapeshifter)
 11461 | Gauntlet | an alligator snapping turtle changed into a fenstrider
                  | witch
 11461 | Gauntlet | Noticed a fenstrider witch (glowing shapeshifter)
 11462 | Gauntlet | a fenstrider witch changed into a fire giant
 11462 | Gauntlet | Noticed a fire giant (glowing shapeshifter)
 11463 | Gauntlet | a fire giant changed into an alligator snapping turtle
 11463 | Gauntlet | Noticed an alligator snapping turtle (glowing shapeshifter)
 11464 | Gauntlet | an alligator snapping turtle changed into a sphinx
 11464 | Gauntlet | Noticed a sphinx (glowing shapeshifter)
 11466 | Gauntlet | a sphinx changed into an azure jelly
 11466 | Gauntlet | Noticed an azure jelly (glowing shapeshifter)
 11468 | Gauntlet | an azure jelly changed into a stone giant
 11468 | Gauntlet | Noticed a stone giant (glowing shapeshifter)
 11470 | Gauntlet | a stone giant changed into a shadow dragon
 11470 | Gauntlet | Noticed a shadow dragon (glowing shapeshifter)
 11470 | Gauntlet | Found a transporter.
 11473 | Gauntlet | a shadow dragon changed into an iron troll
 11473 | Gauntlet | Noticed an iron troll (glowing shapeshifter)
 11475 | Gauntlet | an iron troll changed into an alligator snapping turtle
 11475 | Gauntlet | Noticed an alligator snapping turtle (glowing shapeshifter)
 11475 | Gauntlet | a deep troll changed into a manticore
 11475 | Gauntlet | Noticed a manticore (shapeshifter)
 11482 | Gauntlet | Identified the +2 helmet "Qekenats" {Harm rC- Will+++
                  | Str-4}
 11482 | Gauntlet | Noticed an iron troll
 11483 | Gauntlet | an iron troll changed into a fire giant
 11483 | Gauntlet | Noticed a fire giant (glowing shapeshifter)
 11485 | Gauntlet | a fire giant changed into a stone giant
 11485 | Gauntlet | Noticed a stone giant (glowing shapeshifter)
 11491 | Gauntlet | a frost giant changed into a fire giant
 11491 | Gauntlet | Noticed a fire giant (shapeshifter)
 11491 | Gauntlet | a stone giant changed into a dire elephant
 11491 | Gauntlet | Noticed a dire elephant (glowing shapeshifter)
 11494 | Gauntlet | a dire elephant changed into an acid blob
 11494 | Gauntlet | Noticed an acid blob (glowing shapeshifter)
 11501 | Gauntlet | Killed from afar by an acid blob (glowing shapeshifter)

Illustrated notes

Levels and vault maps discovered:
D:1:      minmay_arrival_cross, layout_rooms
D:2:      kennysheep_six_static_rooms, layout_loops_ring, minivault_24
D:3:      layout_basic, nemelex_diamond_rough_becter, lemuel_tele_altar,
          grunt_ministairs_2, uniq_grinder, uniq_terence,
          uniq_crazy_yiuf_cottage
D:4:      layout_rooms, mainiacjoe_overflow_alcove_1,
          mainiacjoe_overflow_brackets, dk_vineyard_1, uniq_edmund
D:5:      layout_basic, mainiacjoe_overflow_boulevard, jmf_multi_god_temple2,
          uniq_ijyb
D:6:      layout_basic, mainiacjoe_overflow_small_starburst,
          mainiacjoe_overflow_paths, gup_sewer_entry_pipe
D:7:      layout_gridville, marbit_many_paths, minmay_temple_entry_poolview,
          nicolae_ossuary_entry_plus, st_stairs_10, nicolae_nh_ransacked_shop,
          uniq_maggie
D:8:      layout_cave_pools, uniq_grum
D:9:      layout_long_grid, nicolae_tso_swordbearing_angel,
          mainiacjoe_overflow_catch_the_wave, uniq_gastronok
D:10:     layout_long_grid, kennysheep_mini_moat, orc_0_dummy, serial_shops,
          shop
D:11:     layout_basic, david_lair_shrubbed, gauntlet_entry_generic,
          introduction_to_nature_2, uniq_sonja
Temple:   corrupted_temple
Gauntlet: minmay_gauntlet_mixed_big_or_small [nicolae_gauntlet_swirl,
          minmay_gauntlet_arena_77_shame_cube, nicolae_gauntlet_arena_t_cross,
          minmay_gauntlet_arena_77_box, gammafunk_gauntlet_arena_teeth,
          minmay_gauntlet_arena_77_two_paths,
          nicolae_gauntlet_exit_dead_adventurers]

Skill      XL: |  1  2  3  4  5  6  7  8  9 10 11 |
---------------+----------------------------------+-----
Axes           | 2 3 4 5 6 8 9 10 11 | 11.5
Armour         | 4 5 6 7 |  7.5
Fighting       | 4 5 6 7 8 |  8.3
Shields        | 4 5 6 7 |  7.5
Evocations     | 1 3 5 |  5.9
Invocations    | 1 |  1.6

Action                   |  1- 3 |  4- 6 |  7- 9 | 10-12 || total
-------------------------+-------+-------+-------+-------++-------
Melee: War axe           |   110 |   170 |   419 |   233 ||   932
  Use: Potion            |     1 |     1 |       |     4 ||     6
       Scroll            |       |     3 |    15 |     5 ||    23
Armor: Scale mail        |    50 |       |       |       ||    50
       Chain mail        |       |    81 |    27 |       ||   108
       Ring mail         |       |       |   103 |       ||   103
       Plate armour      |       |       |       |   127 ||   127
Dodge: Dodged            |    51 |   189 |   340 |   177 ||   757
Block: Buckler           |    25 |    45 |    49 |       ||   119
       Kite shield       |       |       |    88 |   159 ||   247

Table legend: (Time is in decaauts)
 A = Elapsed time spent in this place.
 B = Non-inter-level travel time spent in this place.
 C = Inter-level travel time spent in this place.
 D = Time resting spent in this place.
 E = Time spent auto-exploring this place.
 F = Levels seen in this place.
 G = Mean time per level.
                   A        B        C        D        E       F      G
               +--------+--------+--------+--------+--------+-----+--------+
         Total |  11789 |  11447 |    342 |   2181 |   6580 |  15 |  785.9 |
       Dungeon |  10636 |  10294 |    342 |   1809 |   6359 |  11 |  966.9 |
        Temple |     56 |     56 |      0 |      0 |     21 |   1 |   56.0 |
         Sewer |    217 |    217 |      0 |      0 |    129 |   1 |  217.0 |
       Ossuary |    289 |    289 |      0 |      0 |     63 |   1 |  289.0 |
      Gauntlet |    590 |    590 |      0 |    372 |      8 |   1 |  590.0 |
               +--------+--------+--------+--------+--------+-----+--------+

Top non-repeatable levels by time:
     D:3: 1503 daAuts
     D:6: 1442 daAuts
     D:9: 1331 daAuts
     D:7: 1159 daAuts
    D:10: 1134 daAuts
     D:2: 970 daAuts
     D:5: 966 daAuts
     D:8: 926 daAuts
     D:4: 667 daAuts
Gauntlet: 590 daAuts
     D:1: 471 daAuts
 Ossuary: 289 daAuts
   Sewer: 217 daAuts
    D:11: 62 daAuts
  Temple: 56 daAuts
